 Dungeon Crawl Stone Soup version 0.26-a0-597-gb535b0901c (webtiles) character file.

Game seed: 9016971903881701265

53447 Lugonue the Thaumaturge (level 14, -3/106 HPs)
             Began as a Yellow Draconian Transmuter on Sept 8, 2020.
             Was an Elder of Sif Muna.
             Slain by a hornet (10 damage)
             ... on level 6 of the Lair of Beasts.
             The game lasted 01:07:09 (35145 turns).

Lugonue the Thaumaturge (DrTm)                     Turns: 35145, Time: 01:07:10

Health: -3/106     AC: 13    Str: 15 (16) XL:     14   Next: 30%
Magic:  28/29      EV: 16    Int: 13 (15) God:    Sif Muna [****..]
Gold:   1233       SH:  0    Dex: 10      Spells: 6/36 levels left

rFire    + + .     SeeInvis .     - Unarmed
rCold    + . .     Faith    .   (no shield)
rNeg     . . .     Spirit   .   (armour unavailable)
rPois    +         Reflect  +   E - +1 hat
rElec    +         Harm     .   L - +0 cloak
rCorr    +                      t - +2 pair of gloves
MR       +....                  (no boots)
Stlth    +++.......             p - amulet of reflection
HPRegen  0.00/turn              z - ring of protection from fire (curse)
MPRegen  0.21/turn              w - ring of stealth

@: confused, lethally poisoned (-3 -> -9), resistant, very slightly
contaminated, hasted, very quick
A: spit acid, unfitting armour, blurry vision 1, clumsy 1, deterioration 1,
frail 1, screaming 1, inhibited regeneration, acidic bite, cold-blooded, acid
resistance, AC +8
a: Breathe Acid, Channel Magic, Forget Spell, Divine Exegesis, Renounce Religion


You were on level 6 of the Lair of Beasts.
You worshipped Sif Muna.
Sif Muna was greatly pleased with you.
You visited 3 branches of the dungeon, and saw 21 of its levels.

You collected 1653 gold pieces.
You spent 420 gold pieces at shops.

Inventory:

Armour
 t - a +2 pair of gloves (worn)
 E - a +1 hat (worn)
 L - a +0 cloak (worn)
Magical Staves
 i - an uncursed staff of death
Jewellery
 a - an uncursed ring of ice
 p - an amulet of reflection (around neck)
 u - an uncursed amulet of faith
 w - a ring of stealth (right hand)
 z - a cursed ring of protection from fire (left hand)
Wands
 n - a wand of polymorph (29)
 q - a wand of random effects (7)
 y - a wand of iceblast (14)
 A - a wand of digging (10)
Scrolls
 c - 2 scrolls of enchant armour
 d - 4 scrolls of identify
 g - 2 scrolls of magic mapping
 h - 3 scrolls of immolation
 l - 5 scrolls of remove curse
 B - 2 scrolls of enchant weapon
 C - 3 scrolls of teleportation
 D - a scroll of fog
 F - 2 scrolls of brand weapon
 G - a scroll of fear
 H - 2 scrolls of amnesia
Potions
 e - a potion of cancellation
 f - 5 potions of might
 j - 2 potions of ambrosia
 m - 2 potions of resistance
 r - 3 potions of stabbing
 v - a potion of magic
 x - 4 potions of flight
Miscellaneous
 I - a tin of tremorstones (1/3)


   Skills:
 * Level 9.4 Fighting
 + Level 1.3 Throwing
 * Level 9.1 Dodging
 * Level 9.2 Stealth
 - Level 10.0 Unarmed Combat
 * Level 11.9 Spellcasting
 + Level 4.0 Hexes
 * Level 9.0 Transmutations
 + Level 1.6 Ice Magic
 + Level 0.7 Air Magic
 - Level 5.0 Invocations
 - Level 5.0 Evocations


You had 6 spell levels left.
You knew the following spells:

 Your Spells              Type           Power        Failure   Level
a - Blade Hands           Tmut           ####......   6%          5
b - Wereblood             Tmut           ####....     1%          2
c - Confusing Touch       Hex            ###.....     5%          3
d - Corona                Hex            ###....      1%          1
e - Ice Form              Ice/Tmut       ###.....     11%         4
f - Tukima's Dance        Hex            ###.....     5%          3
g - Airstrike             Air            #.........   56%         4
h - Hydra Form            Tmut           ####......   34%         6
i - Ensorcelled Hibernat  Hex/Ice        ###...       4%          2

Your spell library contained the following spells:

 Spells                   Type           Power        Failure   Level
 Beastly Appendage        Tmut           ####..       1%          1
 Spider Form              Tmut/Pois      ###.......   4%          3
 Shock                    Conj/Air       #...         8%          1
 Animate Skeleton         Necr           #.....       10%         1
 Pain                     Necr           #...         10%         1
 Summon Small Mammal      Summ           #...         10%         1
 Swiftness                Air            #.......     11%         2
 Corpse Rot               Necr/Air       N/A          12%         2
 Dazzling Flash           Conj/Hex       ##....       12%         3
 Summon Guardian Golem    Hex/Summ       ##......     12%         3
 Call Imp                 Summ           #.......     14%         2
 Static Discharge         Conj/Air       #.......     24%         3
 Call Canine Familiar     Summ           #.......     28%         3
 Stone Arrow              Conj/Erth      #.....       28%         3
 Vampiric Draining        Necr           #.........   28%         3
 Summon Ice Beast         Ice/Summ       #.......     54%         4
 Summon Lightning Spire   Summ/Air       #.......     61%         4
 Animate Dead             Necr           #.........   67%         4
 Lightning Bolt           Conj/Air       #.........   91%         5
 Eringya's Noxious Bog    Tmut/Pois      ###.......   91%         6
 Agony                    Necr           #.......     95%         5
 Summon Forest            Summ/Tloc      #.........   95%         5
 Summon Hydra             Summ           #.........   100%        7


Dungeon Overview and Level Annotations

Branches:
Dungeon (14/15)            Temple (1/1) D:5            Lair (6/6) D:11
  Swamp (0/4) Lair:2        Snake (0/4) Lair:3        Slime (0/5) Lair:5
    Orc (0/2) D:12
 Vaults: D:13-14

Altars:
Ashenzari
Cheibriados
Dithmenos
Elyvilon
Fedhas
Gozag
Hepliaklqana
Kikubaaqudgha
Makhleb
Nemelex Xobeh
Okawaru
Qazlal
Ru
Sif Muna
Trog
Uskayaw
Vehumet
Wu Jian
Xom
Yredelemnul
Zin
The Shining One

Shops:
D:9 *   D:12 =

Annotations:
D:8 exclusion: ice statue
D:12 2 runed translucent doors, Sagrikey's ghost, journeyman MiBe


Innate Abilities, Weirdness & Mutations

You can spit globs of acid.
Your golden yellow scales are hard. (AC +8)
You cannot fit into any form of body armour.
You have acidic saliva.
You are cold-blooded and may be slowed by cold attacks.
You are resistant to acid. (rCorr)
Scrolls take you a little longer to read.
You are clumsy. (Dex -2)
Your body sometimes deteriorates upon taking damage.
You are frail. (-10% HP)
You occasionally shout uncontrollably at your foes.
You do not regenerate when monsters are visible.


Message History

You are confused.
You feel invigorated.
* * * LOW HITPOINT WARNING * * *
You feel sick. The hornet stings you.
* * * LOW HITPOINT WARNING * * *
The hornet misses you. The hornet closely misses you.
You feel sick. The hornet barely misses you. The hornet misses you.
You feel yourself speed up. The hornet stings you!
* * * LOW HITPOINT WARNING * * *
Evoke which item? (* to show all) (? for menu, Esc to quit)
Okay, then.
Unknown command.
You're too confused to cast spells.
Evoke which item? (* to show all) (? for menu, Esc to quit)
Okay, then.
Unknown command.
You're too confused to move!
The hornet stings you!
You die...

### ### ###
##.###.##########.### #
..#.#.#..P.##..#@y..##(.#.#
...........................
..........................[
...........................
...........................
....^......................
........................?..
........≈.≈.≈≈.≈≈≈≈≈...≈.≈.
........≈#.≈≈#.≈≈##≈≈##≈≈##


You could see a hornet.

Vanquished Creatures
  Gastronok (Lair:1)
  Snorg (D:11)
  Erolcha (D:12)
  2 hydras
  A catoblepas (Lair:6)
  A centaur warrior (D:14)
  2 tengu warriors (D:14)
  A merfolk avatar (Lair:6)
  3 two-headed ogres
  3 unseen horrors
  A harpy (Lair:6)
  Pikel (D:6)
  2 sea snakes (Lair:6)
  3 ugly things
  2 deep elf magi (D:14)
  8 slime creatures (D:13)
  2 manticores
  2 centaur zombies (D:13)
  11 elephants
  3 black mambas
  A gargoyle (D:10)
  10 cane toads
  Maggie (D:6)
  2 rime drakes
  2 komodo dragons (Lair:5)
  6 polar bears
  Grinder (D:4)
  A hornet (Lair:6)
  12 hippogriffs
  11 blink frogs
  4 bog bodies (Lair:2)
  Sigmund (D:3)
  Eustachio (D:4)
  A spriggan (D:13)
  A shadow (D:14)
  37 yaks
  Grum (D:9)
  3 humans (D:14)
  2 wyverns
  4 vampire mosquitoes
  5 basilisks
  Menkaure (D:7)
  An acid dragon (D:13)
  A swamp worm (Lair:2)
  4 nagas (Lair:3)
  A soldier ant (D:12)
  15 water moccasins
  8 porcupines
  3 ice beasts
  2 sky beasts
  3 black bears
  An orc warrior (D:7)
  6 phantoms
  An ogre (D:6)
  6 wolves
  7 boggarts
  8 crocodiles
  10 centaurs
  14 bullfrogs
  4 scorpions
  A water moccasin skeleton (D:11)
  10 killer bees
  17 wights
  3 howler monkeys
  4 electric eels
  A quasit (D:7)
  A bullfrog skeleton (D:7)
  3 bullfrog zombies
  13 jellies
  3 orc priests
  7 hounds
  An iron imp (D:9)
  7 orc wizards
  Natasha (D:2)
  4 centaur skeletons
  3 iguanas (D:12)
  7 worker ants
  A killer bee zombie (D:8)
  2 worker ant zombies (D:6)
  3 gnolls (D:5)
  17 adders
  2 white imps (D:6)
  An ufetubus (D:8)
  5 oozes
  4 adder skeletons
  An adder zombie (D:7)
  3 worms
  5 dart slugs
  4 leopard geckos
  42 orcs
  9 giant cockroaches
  11 hobgoblins
  3 jackals (D:5)
  A quokka (D:10)
  5 ball pythons
  7 bats
  6 frilled lizards
  7 goblins
  9 kobolds
  A leopard gecko skeleton (D:4)
  7 rats
496 creatures vanquished.

Vanquished Creatures (collateral kills)
  3 ufetubi (D:8)
3 creatures vanquished.

Vanquished Creatures (others)
  An ice devil (D:8)
  2 humans (D:14)
  A dancing weapon (D:12)
  2 ufetubi (D:8)
  A bush (D:11)
  32 fungi
  72 plants
111 creatures vanquished.

Grand Total: 610 creatures vanquished

Notes
Turn   | Place    | Note
-------+----------+-------------------------------------------
     0 | D:1      | Lugonue the Draconian Transmuter began the quest for the
                  | Orb.
     0 | D:1      | Reached XP level 1. HP: 16/16 MP: 3/3
   142 | D:1      | Reached XP level 2. HP: 20/23 MP: 3/5
   971 | D:1      | Reached XP level 3. HP: 28/28 MP: 4/6
  1280 | D:2      | Reached XP level 4. HP: 33/35 MP: 5/7
  1467 | D:2      | Noticed Natasha
  1483 | D:2      | Killed Natasha
  1494 | D:2      | Learned a level 2 spell: Wereblood
  2039 | D:2      | Reached XP level 5. HP: 34/41 MP: 1/8
  2573 | D:3      | Noticed Sigmund
  2616 | D:3      | Learned a level 3 spell: Confusing Touch
  2618 | D:3      | Learned a level 1 spell: Corona
  2651 | D:3      | Killed Sigmund
  2651 | D:3      | Reached skill level 3 in Spellcasting
  2651 | D:3      | Reached XP level 6. HP: 11/50 MP: 0/10
  3377 | D:4      | Noticed Grinder
  3392 | D:4      | Reached skill level 1 in Stealth
  3489 | D:4      | Noticed an ice beast
  3827 | D:4      | Killed Grinder
  3827 | D:4      | Reached skill level 5 in Unarmed Combat
  3827 | D:4      | Your scales start taking on a golden yellow colour.
  3827 | D:4      | Reached XP level 7. HP: 29/57 MP: 1/12
  3827 | D:4      | Gained mutation: You are resistant to acid. (rCorr) [Yellow
                  | Draconian growth]
  4053 | D:4      | Reached skill level 4 in Spellcasting
  4311 | D:4      | Noticed Eustachio
  4345 | D:4      | Killed Eustachio
  5173 | D:5      | Entered Level 5 of the Dungeon
  5405 | D:5      | Reached skill level 1 in Hexes
  5405 | D:5      | Reached XP level 8. HP: 39/66 MP: 6/14
  5661 | D:5      | Found an opulent altar of Gozag.
  5729 | D:5      | Found a staircase to the Ecumenical Temple.
  5768 | Temple   | Entered the Ecumenical Temple
  6484 | Temple   | Became a worshipper of Sif Muna the Loreminder
  6881 | D:6      | Reached skill level 5 in Spellcasting
  6881 | D:6      | Reached skill level 1 in Evocations
  7075 | D:6      | Noticed Maggie
  7102 | D:6      | Killed Maggie
  7102 | D:6      | Reached skill level 1 in Invocations
  7664 | D:6      | Noticed Pikel
  7687 | D:6      | Killed Pikel
  7687 | D:6      | Reached XP level 9. HP: 37/73 MP: 4/17
  8042 | D:7      | Reached skill level 5 in Fighting
  8057 | D:7      | Reached * piety under Sif Muna
  8162 | D:7      | Found a basalt altar of Yredelemnul.
  8225 | D:7      | Noticed a green ugly thing
  8236 | D:7      | Reached skill level 6 in Spellcasting
  8246 | D:7      | Killed a green ugly thing
  8248 | D:7      | Reached skill level 5 in Dodging
  8777 | D:7      | Reached XP level 10. HP: 71/81 MP: 12/19
  8893 | D:7      | Learned a level 4 spell: Ice Form
  8977 | D:7      | Reached ** piety under Sif Muna
  9062 | D:7      | Noticed Menkaure
  9074 | D:7      | Killed Menkaure
  9636 | D:8      | Noticed an ice statue
  9671 | D:8      | Noticed a two-headed ogre
  9683 | D:8      | Killed a two-headed ogre
  9683 | D:8      | Reached skill level 7 in Spellcasting
  9767 | D:8      | Learned a level 3 spell: Tukima's Dance
  9773 | D:8      | Learned a level 5 spell: Blade Hands
 10177 | D:8      | Found a sacrificial altar of Ru.
 10516 | D:9      | Found a snail-covered altar of Cheibriados.
 11028 | D:9      | Found Woethir's Mass Market.
 11442 | D:9      | Noticed Grum
 11463 | D:9      | Reached skill level 5 in Stealth
 11473 | D:9      | Killed Grum
 11674 | D:9      | Gained mutation: You do not regenerate when monsters are
                  | visible. [mutagenic glow]
 12043 | D:10     | Entered Level 10 of the Dungeon
 12544 | D:10     | Reached skill level 5 in Invocations
 12941 | D:10     | Noticed a gargoyle
 12968 | D:10     | Killed a gargoyle
 12968 | D:10     | Reached XP level 11. HP: 18/89 MP: 5/22
 14384 | D:11     | Noticed a two-headed ogre
 14628 | D:10     | Killed a two-headed ogre
 14628 | D:10     | Reached skill level 1 in Throwing
 14925 | D:11     | Reached skill level 1 in Ice Magic
 15017 | D:10     | Reached skill level 8 in Spellcasting
 15382 | D:11     | HP: 4/89 [porcupine (8)]
 15969 | D:11     | Found a staircase to the Lair.
 15976 | D:11     | Noticed a green ugly thing
 15978 | D:11     | Noticed a white ugly thing
 16003 | D:11     | Killed a red ugly thing
 16007 | D:11     | Killed a green ugly thing
 16347 | D:11     | Noticed Snorg
 16405 | D:11     | Killed Snorg
 16405 | D:11     | Reached skill level 5 in Evocations
 17290 | D:12     | Reached skill level 5 in Transmutations
 17630 | D:12     | Reached *** piety under Sif Muna
 17672 | D:12     | Noticed Sagrikey's ghost (journeyman MiBe)
 17708 | D:12     | Noticed a cyan ugly thing
 17708 | D:12     | Noticed a lich
 17710 | D:12     | Noticed a skeletal warrior
 18008 | D:12     | Noticed a two-headed ogre
 18029 | D:12     | Killed a two-headed ogre
 18409 | D:12     | Found a runed translucent door.
 18410 | D:12     | Noticed a necromancer
 18416 | D:12     | Noticed Erolcha
 18427 | D:12     | Noticed an ettin
 18428 | D:12     | Found a runed translucent door.
 18432 | D:12     | Noticed a yaktaur captain
 18467 | D:12     | Killed Erolcha
 18467 | D:12     | Reached XP level 12. HP: 77/100 MP: 13/24
 18880 | D:12     | Found Rydaf's Jewellery Shoppe.
 18884 | D:12     | Bought an uncursed amulet of reflection for 420 gold pieces
 19318 | D:12     | Reached skill level 9 in Spellcasting
 19793 | D:12     | Found a staircase to the Orcish Mines.
 20936 | D:13     | Reached **** piety under Sif Muna
 22383 | D:14     | Found a sparkling altar of Nemelex Xobeh.
 22525 | D:14     | Noticed a centaur warrior
 22536 | D:14     | Noticed a tengu warrior
 22540 | D:14     | Noticed a tengu warrior
 22865 | D:14     | Killed a centaur warrior
 22874 | D:14     | Learned a level 4 spell: Airstrike
 23213 | D:14     | Killed a tengu warrior
 23367 | D:14     | Killed a tengu warrior
 23367 | D:14     | Reached skill level 10 in Spellcasting
 23367 | D:14     | Reached XP level 13. HP: 73/107 MP: 15/27
 23984 | Lair:1   | Entered Level 1 of the Lair of Beasts
 24199 | Lair:1   | Noticed Gastronok
 25124 | Lair:1   | Killed Gastronok
 25124 | Lair:1   | Reached skill level 10 in Unarmed Combat
 26884 | Lair:2   | Reached ***** piety under Sif Muna
 27417 | Lair:2   | Found a staircase to the Swamp.
 27763 | Lair:3   | Found a staircase to the Snake Pit.
 27782 | Lair:3   | Received a gift from Sif Muna
 27803 | Lair:3   | Learned a level 6 spell: Hydra Form
 29629 | Lair:4   | Reached skill level 11 in Spellcasting
 31294 | Lair:5   | Found a staircase to the Slime Pits.
 31435 | Lair:5   | Gained mutation: You are clumsy. (Dex -2) [mutagenic glow]
 31454 | Lair:5   | Gained mutation: Scrolls take you a little longer to read.
                  | [mutagenic glow]
 31462 | Lair:5   | Gained mutation: Your body sometimes deteriorates upon
                  | taking damage. [mutagenic glow]
 31525 | Lair:5   | Gained mutation: You occasionally shout uncontrollably at
                  | your foes. [mutagenic glow]
 32460 | Lair:6   | Entered Level 6 of the Lair of Beasts
 32866 | Lair:6   | Gained mutation: You have acidic saliva. [Yellow Draconian
                  | growth]
 32866 | Lair:6   | Reached XP level 14. HP: 118/118 MP: 26/29
 32955 | Lair:6   | Gained mutation: You are frail. (-10% HP) [mutagenic glow]
 33871 | Lair:6   | Learned a level 2 spell: Ensorcelled Hibernation
 35140 | Lair:6   | HP: 2/106 [hornet (9)]
 35145 | Lair:6   | Slain by a hornet

Illustrated notes

Levels and vault maps discovered:
D:1:      lemuel_arrival_muddy, layout_basic
D:2:      layout_loops_ring, minmay_misc_feat_rugged, uniq_natasha
D:3:      layout_rooms, minivault_23, minivault_5, uniq_sigmund
D:4:      layout_loops_ring, uniq_grinder, uniq_eustachio
D:5:      layout_gridville, minmay_temple_entry_offerings, basic_altar
D:6:      minmay_octagon_keep, layout_layer_cave, serial_park_tiny_1,
          uniq_maggie, uniq_pikel
D:7:      layout_rooms, yredelemnul_altar_generic, uniq_menkaure
D:8:      cheibrodos_frozen_isle, layout_rooms, nicolae_ru_path_of_blood
D:9:      layout_stronghold, minmay_shop_mass, chei_slow_surprise, uniq_grum
D:10:     layout_small_grid
D:11:     layout_big_octagon, minmay_lair_entry_grove,
          kennysheep_big_empty_room, uniq_snorg
D:12:     layout_basic, orc_0_dummy, muffindrake_ghost_dual_entry, serial_shops,
          shop, uniq_erolcha
D:13:     layout_stronghold, minivault_5, the_bakery
D:14:     layout_cave_pools, ximxim_vaults_locker_room, basic_altar,
          minmay_holes, chequers_avenue
Temple:   compressed_dpeg_triangle_lava_temple
Lair:1:   layout_loops_ring, chequers_serial_rivers_room_a, uniq_gastronok
Lair:2:   layout_roguey, nicolae_swamp_entry_splash_gauntlet
Lair:3:   layout_gridlike, minmay_snake_entry_guardpost_small,
          lemuel_fruit_fields
Lair:4:   layout_cave_pods, nicolae_quartered_pool_medium
Lair:5:   layout_cave_shapes, minmay_slime_entry_jelly_boxes,
          kilobyte_rumbling_trees
Lair:6:   gammafunk_lair_ancient_temple, layout_regular_city

Skill      XL: |  1  2  3  4  5  6  7  8  9 10 11 12 13 14 |
---------------+-------------------------------------------+-----
Dodging        | 2 3 4 5 6 7 8 9 |  9.1
Unarmed Combat | 4 5 6 7 8 9 10 | 10.0
Fighting       | 2 3 4 5 6 7 8 9 |  9.4
Spellcasting   | 3 4 5 6 7 8 10 11 | 11.9
Transmutations | 3 4 5 6 8 9 |  9.0
Stealth        | 1 2 3 5 6 8 9 |  9.2
Hexes          | 1 2 3 4 |  4.0
Evocations     | 2 3 4 5 |  5.0
Invocations    | 2 3 5 |  5.0
Throwing       | 1 |  1.3
Ice Magic      | 1 |  1.6
Air Magic      | |  0.7

Action                   |  1- 3 |  4- 6 |  7- 9 | 10-12 | 13-15 || total
-------------------------+-------+-------+-------+-------+-------++-------
Melee: Unarmed           |   113 |   170 |   341 |   880 |   486 ||  1990
       Tailslap          |     2 |    13 |    46 |   110 |    56 ||   227
       Kick              |     9 |    15 |    65 |    69 |       ||   158
       Headbutt          |     9 |    13 |    42 |    33 |       ||    97
       Punch             |     1 |     1 |    11 |    35 |    14 ||    62
       Bite              |       |       |       |       |     6 ||     6
Throw: Javelin           |       |       |     4 |    21 |       ||    25
 Cast: Beastly Appendage |    14 |    20 |    30 |    22 |       ||    86
       Wereblood         |       |     5 |     8 |    23 |     9 ||    45
       Corona            |       |     5 |    15 |    24 |    39 ||    83
       Confusing Touch   |       |       |     7 |    14 |     3 ||    24
       Tukima's Dance    |       |       |       |     8 |       ||     8
       Ice Form          |       |       |       |     7 |     6 ||    13
       Blade Hands       |       |       |       |    34 |    70 ||   104
       Airstrike         |       |       |       |     2 |     2 ||     4
       Hydra Form        |       |       |       |       |     2 ||     2
       Ensorcelled Hiber |       |       |       |       |    12 ||    12
Invok: Channel Magic     |       |       |       |     3 |     1 ||     4
 Abil: Breathe Acid      |       |       |     8 |    17 |     6 ||    31
       End Transformatio |       |       |       |       |     4 ||     4
Evoke: Wand              |       |     2 |     4 |    23 |    18 ||    47
       Tin of tremorston |       |       |       |       |     2 ||     2
  Use: Scroll            |       |    16 |     5 |    16 |     7 ||    44
       Potion            |       |     1 |     4 |    10 |    10 ||    25
 Stab: Sleeping          |     1 |     2 |     1 |     9 |     9 ||    22
       Confused          |       |       |     3 |    12 |     1 ||    16
       Invisible         |       |       |       |     5 |       ||     5
       Distracted        |       |       |       |     1 |       ||     1
       Paralysed         |       |       |       |       |     3 ||     3
Armor: Skin              |    46 |    46 |   139 |   192 |   113 ||   536
Dodge: Dodged            |    82 |   115 |   203 |   629 |   316 ||  1345
Block: Other             |       |       |       |    64 |   112 ||   176
       Reflection        |       |       |       |     6 |     1 ||     7

Table legend: (Time is in decaauts)
 A = Elapsed time spent in this place.
 B = Non-inter-level travel time spent in this place.
 C = Inter-level travel time spent in this place.
 D = Time resting spent in this place.
 E = Time spent auto-exploring this place.
 F = Levels seen in this place.
 G = Mean time per level.
                   A        B        C        D        E       F      G
               +--------+--------+--------+--------+--------+-----+--------+
         Total |  34910 |  33925 |    985 |   5604 |  23224 |  21 | 1662.4 |
       Dungeon |  23086 |  22246 |    840 |   2564 |  16133 |  14 | 1649.0 |
        Temple |    726 |    726 |      0 |    100 |    514 |   1 |  726.0 |
          Lair |  11097 |  10952 |    145 |   2940 |   6577 |   6 | 1849.5 |
               +--------+--------+--------+--------+--------+-----+--------+

Top non-repeatable levels by time:
    D:10: 3693 daAuts
    D:13: 2764 daAuts
  Lair:6: 2674 daAuts
    D:12: 2588 daAuts
  Lair:4: 2045 daAuts
  Lair:1: 2010 daAuts
     D:4: 1790 daAuts
  Lair:2: 1688 daAuts
     D:9: 1681 daAuts
    D:11: 1451 daAuts
     D:6: 1347 daAuts
  Lair:3: 1341 daAuts
  Lair:5: 1337 daAuts
    D:14: 1306 daAuts
     D:2: 1258 daAuts
